 Dungeon Crawl Stone Soup version 0.27-a0-1416-g941b2bd30b (webtiles) character file.

Game seed: 6397295153979460361

49 wesbby the Slasher (level 4, -7/37 HPs)
             Began as a Human Berserker on July 1, 2021.
             Was a Believer of Trog.
             Killed from afar by an orc wizard (10 damage)
             ... with a puff of flame
             ... on level 2 of the Dungeon.
             The game lasted 00:01:57 (1684 turns).

wesbby the Slasher (Human Berserker)                Turns: 1684, Time: 00:01:58

Health: -7/37      AC:  5    Str: 18    XL:     4   Next: 2%
Magic:  4/4        EV: 11    Int:  8    God:    Trog [**....]
Gold:   67         SH:  0    Dex: 12    Spells: 3/3 levels left

rFire    . . .     SeeInvis .   a - +0 falchion
rCold    . . .     Faith    .   (no shield)
rNeg     . . .     Spirit   .   e - +0 ring mail
rPois    .         Reflect  .   (no helmet)
rElec    .         Harm     .   (no cloak)
rCorr    .         Rampage  .   (no gloves)
Will     .....                  (no boots)
Stlth    +.........             (no amulet)
HPRegen  0.12/turn              (no ring)
MPRegen  0.09/turn              (no ring)

@: no status effects
A: no striking features
a: Renounce Religion, Berserk, Trog's Hand


You were on level 2 of the Dungeon.
You worshipped Trog.
Trog was pleased with you.
You visited 1 branch of the dungeon, and saw 2 of its levels.

You collected 67 gold pieces.

Inventory:

Hand Weapons
 a - a +0 falchion (weapon)
Armour
 b - a +0 animal skin
 e - a +0 ring mail (worn)
Scrolls
 c - a scroll of identify {unknown}
 g - a scroll of blinking {unknown}
Potions
 d - a potion of mutation {unknown}
 f - 2 potions of flight {unknown}


   Skills:
 * Level 3.7 Fighting
 * Level 3.8 Long Blades
 + Level 2.1 Armour
 + Level 2.1 Dodging


You had 3 spell levels left.
You didn't know any spells.
Your spell library was empty.

Dungeon Overview and Level Annotations

Branches:
Dungeon (2/15)

Altars:
Vehumet

Shops:
D:2 (


Message History

You are too injured to fight recklessly!
You are too injured to fight recklessly!
You are too injured to fight recklessly!
You are too injured to fight recklessly!
You are too injured to fight recklessly!
You are too injured to fight recklessly!
You are too injured to fight recklessly!
You miss something. Something hits you but does no damage.
You hit something but do no damage. Something hits you but does no damage.
Your ring mail prevents you from hitting something.
Something hits you.
You miss something. Something hits you but does no damage. Something hits you.
You hit something. Something hits you.
You hit something. Something hits you but does no damage.
You hit something but do no damage. Something hits you but does no damage.
You barely miss something. Something hits you but does no damage.
You miss something. Something hits you but does no damage.
You closely miss something. Something hits you but does no damage.
You hit something but do no damage. Something hits you but does no damage.
You barely miss something. Something completely misses you.
You miss something. Something hits you but does no damage.
You hear some strange, mumbled words.
A puff of flame appears from out of thin air!
The puff of flame hits you.
* * * LOW HITPOINT WARNING * * *
You hit something. Something hits you but does no damage.
You barely miss something. Something hits you but does no damage.
You barely miss something. Something hits you.
* * * LOW HITPOINT WARNING * * *
You hit something but do no damage.
You hear some strange, mumbled words.
A magic dart appears from out of thin air!
The magic dart hits you.
* * * LOW HITPOINT WARNING * * *
You miss something. Something hits you but does no damage.
You closely miss something.
An orc wizard appears from thin air!
Reactivating autopickup.
The orc wizard points at you and mumbles some strange words.
The puff of flame hits you!
You die...

.# #.# ##### .#
#.######## .#
#..).....# .#
#####.###.#
.############.##
#
.##...........#
.#
....#..######.##
.. ###.....#
##.###.#.###
...8....#
##†@)......
..8.8...#
##o.##<###
.8...8.## #..#
8..∩..8# #..#
.8...8.# #..#
..8.8..# #..#
...8...######
#..#
#...........#
#..#
.......####.# #


You could see an orc wizard.

Vanquished Creatures
  A dart slug (D:1)
  3 orcs (D:2)
  4 ball pythons
  6 endoplasms
  6 goblins
  4 hobgoblins
  2 jackals (D:1)
  2 quokkas
  A bat (D:1)
  2 frilled lizards (D:1)
  3 kobolds
  5 rats
39 creatures vanquished.

Notes
Turn   | Place    | Note
-------+----------+-------------------------------------------
     0 | D:1      | wesbby the Human Berserker began the quest for the Orb.
     0 | D:1      | Reached XP level 1. HP: 18/18 MP: 1/1
   244 | D:1      | Reached XP level 2. HP: 19/24 MP: 2/2
   539 | D:1      | Reached XP level 3. HP: 16/29 MP: 3/3
  1304 | D:2      | Found Qyozaplu's Antique Weapon Shop.
  1342 | D:2      | Found a radiant altar of Vehumet.
  1356 | D:2      | Reached ** piety under Trog
  1666 | D:2      | Reached XP level 4. HP: 18/37 MP: 4/4
  1684 | D:2      | Killed from afar by an orc wizard

Illustrated notes

Levels and vault maps discovered:
D:1:      psy_arrival_statuary, layout_basic, interstate_on_off,
          chequers_serial_rivers_room_a
D:2:      layout_loops_ring, basic_altar, serial_shops, nicolae_diamond_shop,
          minmay_hedge_maze

Action                   |  1- 3 |  4- 6 || total
-------------------------+-------+-------++-------
Melee: Falchion          |   101 |    19 ||   120
Armor: Animal skin       |     8 |       ||     8
       Ring mail         |    18 |    13 ||    31
Dodge: Dodged            |    73 |     1 ||    74
       Rpst.: Falchion   |    22 |       ||    22

Table legend: (Time is in decaauts)
 A = Elapsed time spent in this place.
 B = Non-inter-level travel time spent in this place.
 C = Inter-level travel time spent in this place.
 D = Time resting spent in this place.
 E = Time spent auto-exploring this place.
 F = Levels seen in this place.
 G = Mean time per level.
                   A        B        C        D        E       F      G
               +--------+--------+--------+--------+--------+-----+--------+
         Total |   1699 |   1672 |     27 |      0 |   1442 |   2 |  849.5 |
       Dungeon |   1699 |   1672 |     27 |      0 |   1442 |   2 |  849.5 |
               +--------+--------+--------+--------+--------+-----+--------+

Top non-repeatable levels by time:
     D:1: 1124 daAuts
     D:2: 574 daAuts
